 Dungeon Crawl Stone Soup version 0.23.1-37-gaa34b87 (webtiles) character file.

Game seed: 7776020251445561608

296 night the Firebug (level 6, 0/41 HPs)
             Began as a Demonspawn Fire Elementalist on Mar 22, 2019.
             Was an Initiate of Vehumet.
             Succumbed to a worker ant's poison
             ... on level 4 of the Dungeon.
             The game lasted 00:09:24 (2874 turns).

night the Firebug (Demonspawn Fire Elementalist)    Turns: 2874, Time: 00:09:25

Health: 0/41       AC:  2    Str:  8    XL:     6   Next: 12%
Magic:  11/11      EV: 17    Int: 18    God:    Vehumet [......]
Gold:   158        SH:  0    Dex: 19    Spells: 6/12 levels left

rFire    . . .     SeeInvis .   n - +2 short sword (venom)
rCold    . . .     Gourm    .   (no shield)
rNeg     . . .     Faith    .   a - +0 robe
rPois    .         Spirit   .   (helmet restricted)
rElec    .         Reflect  .   (no cloak)
rCorr    .         Harm     .   (no gloves)
MR       .....     Clarity  +   (no boots)
Stlth    +++.......             (no amulet)
HPRegen  0.13/turn              (no ring)
MPRegen  0.12/turn              (no ring)

@: agile, lethally poisoned (0 -> -8)
A: beak, claws 1, hooves 1, clarity, powered by death 1, spiny 2
a: Renounce Religion


You were on level 4 of the Dungeon.
You worshipped Vehumet.
Vehumet was noncommittal.
You were not hungry.

You visited 2 branches of the dungeon, and saw 5 of its levels.

You collected 158 gold pieces.

Inventory:

Hand Weapons
 n - a +2 short sword of venom (weapon)
Missiles
 j - 48 arrows
Armour
 a - a +0 robe (worn)
 o - a +2 ring mail of poison resistance
Jewellery
 q - a +3 ring of protection {unknown}
Scrolls
 d - 3 scrolls of blinking {unknown}
 f - a scroll of random uselessness {unknown}
 g - 2 scrolls of identify {unknown}
 h - 2 scrolls of remove curse {unknown}
 k - a scroll of magic mapping {unknown}
 l - a scroll of noise {unknown}
 m - 2 scrolls of immolation {unknown}
 p - a scroll of fog {unknown}
 s - a scroll of amnesia {unknown}
Comestibles
 b - 9 chunks of flesh
 c - 6 rations


   Skills:
 - Level 1.7 Dodging
 - Level 1.7 Stealth
 + Level 3.6 Spellcasting
 + Level 3.6 Conjurations
 + Level 4.3 Fire Magic


You had 6 spell levels left.
You knew the following spells:

 Your Spells              Type           Power        Failure   Level  Hunger
a - Flame Tongue          Conj/Fire      ###..        3%          1    None
b - Throw Flame           Conj/Fire      ###...       4%          2    ##.....
c - Conjure Flame         Conj/Fire      ###.....     9%          3    ###....

Your spell library contained the following spells:

 Spells                   Type           Power        Failure   Level  Hunger
 Inner Flame              Hex/Fire       ##......     19%         3    ###....
 Sticky Flame             Conj/Fire      ###.....     30%         4    ####...
 Fireball                 Conj/Fire      ###.......   63%         5    ######.


Dungeon Overview and Level Annotations

Branches:
Dungeon (4/15)             Temple (1/1) D:4

Altars:
Cheibriados
Dithmenos
Elyvilon
Hepliaklqana
Makhleb
Okawaru
Qazlal
Sif Muna
Uskayaw
Vehumet
Wu Jian
Zin

Annotations:
D:2 Jessica


Innate Abilities, Weirdness & Mutations

You have sharp fingernails.
You regenerate a little health from kills.
You are mostly covered in sharp spines.
You have a beak for a mouth.
You have large cloven feet.
You possess an exceptional clarity of mind.


Message History

The worker ant is struck by your spines.
The worker ant bites you but does no damage.
It was a potion of agility.
You feel agile all of a sudden.
* * * LOW HITPOINT WARNING * * *
You feel sick. The worker ant closely misses you.
It was a potion of magic.
Magic courses through your body.
* * * LOW HITPOINT WARNING * * *
You feel sick.
The worker ant is struck by your spines.
You kill the worker ant!
Vehumet accepts your kill.
* * * LOW HITPOINT WARNING * * *
You feel sick.
* * * LOW HITPOINT WARNING * * *
You feel sick.
You feel sick.
* * * LOW HITPOINT WARNING * * *
You feel sick.
You die...

#.# #.. ## ..###.
#..#. ###... ....##
#...# #@..# #...# #.#
##### #...# #.#.
##...###†..#
....##..#.......##
#.......#...........
......###...........
###...................
..o...#....[#....####.


There were no monsters in sight!

Vanquished Creatures
  2 hounds (D:4)
  An orc priest (D:4)
  An orc wizard (D:4)
  Terence (D:2)
  A worker ant (D:4)
  A howler monkey zombie (D:3)
  A gnoll (D:1)
  3 adders
  2 worms
  2 dart slugs
  2 leopard geckos
  4 orcs
  2 giant cockroaches
  8 goblins
  4 hobgoblins
  9 jackals
  3 quokkas
  3 ball pythons
  7 bats
  3 frilled lizards
  2 kobolds
  7 rats
69 creatures vanquished.

Notes
Turn   | Place    | Note
-------+----------+-------------------------------------------
     0 | D:1      | night the Demonspawn Fire Elementalist began the quest for
                  | the Orb.
     0 | D:1      | Reached XP level 1. HP: 13/13 MP: 3/3
   334 | D:2      | Gained mutation: You are partially covered in sharp spines.
                  | [demonic ancestry]
   334 | D:2      | Reached XP level 2. HP: 19/19 MP: 3/5
   359 | D:2      | Learned a level 2 spell: Throw Flame
   372 | D:2      | Reached skill level 3 in Fire Magic
   390 | D:2      | Noticed Jessica
   838 | D:1      | Reached XP level 3. HP: 21/24 MP: 2/6
   902 | D:1      | Learned a level 3 spell: Conjure Flame
  1303 | D:2      | Noticed Terence
  1333 | D:2      | Killed Terence
  1488 | D:2      | Gained mutation: You are mostly covered in sharp spines.
                  | [demonic ancestry]
  1488 | D:2      | Reached XP level 4. HP: 28/30 MP: 7/7
  2629 | D:4      | Found a staircase to the Ecumenical Temple.
  2637 | D:4      | Gained mutation: You regenerate a little health from kills.
                  | [demonic ancestry]
  2637 | D:4      | Reached XP level 5. HP: 35/35 MP: 9/9
  2646 | D:4      | Reached skill level 4 in Fire Magic
  2696 | D:4      | Gained mutation: You have sharp fingernails. [demonic
                  | ancestry]
  2696 | D:4      | Reached XP level 6. HP: 37/41 MP: 6/11
  2699 | Temple   | Entered the Ecumenical Temple
  2796 | Temple   | Became a worshipper of Vehumet
  2867 | D:4      | Gained mutation: You possess an exceptional clarity of
                  | mind. [potion of mutation]
  2867 | D:4      | Gained mutation: You have large cloven feet. [potion of
                  | mutation]
  2867 | D:4      | Gained mutation: You have a beak for a mouth. [potion of
                  | mutation]
  2868 | D:4      | HP: 2/41 [poisoned by a worker ant]
  2873 | D:4      | HP: 1/41 [poisoned by a worker ant]
  2874 | D:4      | Succumbed to a worker ant's poison

Skill      XL: |  1  2  3  4  5 |
---------------+----------------+-----
Fire Magic     | 3 4 |  4.3
Conjurations   | 2 3 |  3.6
Spellcasting   | 3 |  3.6
Dodging        | |  1.7
Stealth        | |  1.7

Action                   |  1- 3 |  4- 6 || total
-------------------------+-------+-------++-------
Melee: Mace              |    10 |       ||    10
       Short sword       |     5 |    58 ||    63
 Cast: Flame Tongue      |    49 |    30 ||    79
       Throw Flame       |     1 |     2 ||     3
       Conjure Flame     |     1 |     1 ||     2
  Use: Potion            |       |     3 ||     3
 Stab: Sleeping          |       |     2 ||     2
  Eat: Chunk             |     3 |     4 ||     7
Armor: Robe              |     8 |     7 ||    15
Dodge: Dodged            |    31 |    36 ||    67
